 Dungeon Crawl Stone Soup version 0.27-a0-1140-g099f9bb0e8 (webtiles) character file.

Game seed: 6033334319620164864

89 voltaire321 the Chopper (level 4, -4/34 HPs)
             Began as a Demonspawn Gladiator on May 8, 2021.
             Slain by Sigmund
             ... wielding a +0 scythe
              (11 damage)
             ... on level 2 of the Dungeon.
             The game lasted 00:05:42 (2145 turns).

voltaire321 the Chopper (Demonspawn Gladiator)      Turns: 2145, Time: 00:05:42

Health: -4/34      AC:  3    Str: 16    XL:     4   Next: 31%
Magic:  4/4        EV: 12    Int:  9    God:
Gold:   97         SH:  0    Dex: 14    Spells: 3/3 levels left

rFire    . . .     SeeInvis .   a - +0 war axe
rCold    . . .     Faith    .   (no shield)
rNeg     . . .     Spirit   .   b - +0 leather armour
rPois    .         Reflect  .   (helmet restricted)
rElec    .         Harm     .   (no cloak)
rCorr    .         Rampage  .   (no gloves)
Will     .....                  (no boots)
Stlth    +.........             (no amulet)
HPRegen  0.11/turn              (no ring)
MPRegen  0.09/turn              (no ring)

@: no status effects
A: horns 2, condensation shield
a: no special abilities


You were on level 2 of the Dungeon.
You visited 1 branch of the dungeon, and saw 2 of its levels.

You collected 97 gold pieces.

Inventory:

Hand Weapons
 a - a +0 war axe (weapon)
Missiles
 d - 3 throwing nets (quivered)
Armour
 b - a +0 leather armour (worn)


   Skills:
 + Level 2.6 Fighting
 + Level 3.2 Axes
 + Level 2.4 Throwing
 + Level 1.3 Armour
 + Level 3.1 Dodging


You had 3 spell levels left.
You didn't know any spells.
Your spell library contained the following spells:

 Spells                   Type           Power      Damage    Failure   Level
 Corona                   Hex            0%         N/A       45%         1
 Ensorcelled Hibernation  Hex/Ice        0%         N/A       58%         2
 Confusing Touch          Hex            0%         N/A       83%         3
 Dazzling Flash           Conj/Hex       0%         N/A       83%         3
 Tukima's Dance           Hex            0%         N/A       83%         3


Dungeon Overview and Level Annotations

Branches:
Dungeon (2/15)

Altars:
Kikubaaqudgha

Shops:
D:2 [

Annotations:
D:2 Sigmund


Innate Abilities, Weirdness & Mutations

You have a pair of horns on your head.
A meltable shield of frost defends you. (SH +0)


Message History

Sigmund appears from thin air!
Reactivating autopickup.
Sigmund hits you but does no damage. Sigmund hits you but does no damage.
Sigmund hits you but does no damage.
You feel less wooden.
Your +0 leather armour unmelds from your body.
Sigmund misses you. Sigmund gestures at you while chanting.
You resist with some effort. Sigmund barely misses you.
You closely miss Sigmund. Sigmund hits you with a +0 scythe!
You feel much better. Sigmund hits you with a +0 scythe!
You closely miss Sigmund. You headbutt Sigmund, but do no damage.
Sigmund casts a spell at you. The magic dart hits you!
* * * LOW HITPOINT WARNING * * *
Sigmund gestures at you while chanting. You resist with some effort.
You slash Sigmund!
Sigmund is heavily wounded.
Sigmund barely misses you.
You completely miss Sigmund. Your headbutt misses Sigmund.
Sigmund is heavily wounded.
Sigmund barely misses you.
You barely miss Sigmund. Your headbutt misses Sigmund.
Sigmund is heavily wounded.
Sigmund is suddenly surrounded by pale blue light.
Sigmund barely misses you. Sigmund hits you with a +0 scythe.
* * * LOW HITPOINT WARNING * * *
You closely miss Sigmund. You headbutt Sigmund, but do no damage.
Sigmund is heavily wounded.
Sigmund barely misses you.
You completely miss Sigmund.
Sigmund is heavily wounded.
Sigmund misses you.
You barely miss Sigmund.
Sigmund is heavily wounded.
Sigmund hits you with a +0 scythe!
You die...

#∩....# #.# ##..
#.....#
#.#.....#.######..
......######
#......##.........
##.........#
.......+.........>
##########)#
#......##.........
.....#####.##
#......##.........
####.#......#
#......##.........
#.#.###..#
#@.....##.........
#.#.# #..# #@#
#.#######. #.#.#
#..####.# #.# #.
#.#.###..#....#
#.##### #.
#.#......#.####
#.....# #.
#.######.#.#
#.###.# ##
#.#........# ###
#.# #.#......###
#.# #.######## #.#
#.# #.#


You could see Sigmund.

Vanquished Creatures
  A howler monkey (D:2)
  An adder (D:2)
  A dart slug (D:2)
  8 ball pythons
  5 endoplasms
  A giant cockroach (D:2)
  2 goblins
  4 hobgoblins
  6 jackals (D:1)
  A quokka (D:2)
  2 bats (D:2)
  3 frilled lizards (D:1)
  2 kobolds
  4 rats
41 creatures vanquished.

Notes
Turn   | Place    | Note
-------+----------+-------------------------------------------
     0 | D:1      | voltaire321 the Demonspawn Gladiator began the quest for
                  | the Orb.
     0 | D:1      | Reached XP level 1. HP: 16/16 MP: 1/1
   427 | D:1      | Gained mutation: You have a pair of small horns on your
                  | head. [demonic ancestry]
   427 | D:1      | Reached XP level 2. HP: 17/22 MP: 2/2
   959 | D:1      | Gained mutation: You have a pair of horns on your head.
                  | [demonic ancestry]
   959 | D:1      | Reached XP level 3. HP: 28/28 MP: 3/3
  1083 | D:2      | Noticed Sigmund
  1307 | D:2      | Found an ancient bone altar of Kikubaaqudgha.
  1467 | D:2      | Reached skill level 1 in Armour
  1743 | D:2      | Gained mutation: A meltable shield of frost defends you.
                  | (SH +0) [demonic ancestry]
  1743 | D:2      | Reached XP level 4. HP: 15/34 MP: 4/4
  2004 | D:2      | Found Nasiaraw's Armour Boutique.
  2145 | D:2      | Slain by Sigmund

Illustrated notes

Levels and vault maps discovered:
D:1:      erik_arrival_cave_to_civilisation [erik_arrival_cave_to_hall],
          layout_basic
D:2:      layout_basic, serial_shops, shop, basic_altar, st_stairs_14,
          minmay_diced_spiral, uniq_sigmund

Skill      XL: |  1  2  3 |
---------------+----------+-----
Throwing       | 2 |  2.4
Dodging        | 3 |  3.1
Axes           | 3 |  3.2
Armour         | 1 |  1.3
Fighting       | |  2.6

Action                   |  1- 3 |  4- 6 || total
-------------------------+-------+-------++-------
Melee: War axe           |    79 |    15 ||    94
       Headbutt          |     8 |     6 ||    14
  Use: Potion            |       |     3 ||     3
       Scroll            |       |     2 ||     2
Armor: Leather armour    |    27 |     2 ||    29
       Skin              |       |    27 ||    27
Dodge: Dodged            |    76 |    11 ||    87
Block: Other             |       |     2 ||     2

Table legend: (Time is in decaauts)
 A = Elapsed time spent in this place.
 B = Non-inter-level travel time spent in this place.
 C = Inter-level travel time spent in this place.
 D = Time resting spent in this place.
 E = Time spent auto-exploring this place.
 F = Levels seen in this place.
 G = Mean time per level.
                   A        B        C        D        E       F      G
               +--------+--------+--------+--------+--------+-----+--------+
         Total |   2178 |   2064 |    114 |    673 |    789 |   2 | 1089.0 |
       Dungeon |   2178 |   2064 |    114 |    673 |    789 |   2 | 1089.0 |
               +--------+--------+--------+--------+--------+-----+--------+

Top non-repeatable levels by time:
     D:1: 1144 daAuts
     D:2: 1034 daAuts
